Map: Nephor I

Players

JEDÏcreepkes

  • Race: Zerg Zerg
  • Spawn Location: 1:00

GraVe

  • Race: Zerg Zerg
  • League: Master
  • Spawn Location: 1:00

Proktor

  • Race: Protoss Protoss
  • League: Diamond
  • Spawn Location: 12:00

JohnMcClane

  • Race: Terran Terran
  • League: Silver
  • Spawn Location: 6:00

JackONeill

  • Race: Zerg Zerg
  • Spawn Location: 7:00

Hindulaatti

  • Race: Terran Terran
  • League: Diamond
  • Spawn Location: 7:00

VOD

Have the link to the VOD?

Description

Time

  • Played on: Jan. 20, 2016, 4 a.m.
  • Length: 11:34
Show
View Real Time Build Order
Export as new Build Order

JEDÏcreepkes Zerg 

Build Orders: Pool First, Muta Ling Bane 

Get SALT Encoding   

  12  0:01  Drone  
  13  0:08  Drone  
  14  0:14  Extractor  
  14  0:18  Drone  
  14  0:35  Spawning Pool  
  13  0:37  Drone  
  14  0:46  Overlord  
  14  1:05  Drone x3  
  17  1:18  Drone  
  18  1:21  Queen  
  20  1:37  Metabolic Boost  
  20  1:56  Overlord  
  20  2:00  Hatchery  
  19  2:07  Zergling x4  
  21  2:14  Zergling x2  
  22  2:28  Zergling x2  
  23  2:40  Zergling x6  
  26  2:48  Zergling x2  
  27  3:05  Zergling x4  
  29  3:14  Queen  
  29  3:15  Drone  
  29  3:19  Drone, Extractor  
  32  3:29  Overlord x2  
  32  3:30  Drone  
  32  3:32  Drone  
  34  3:49  Zergling x4  
  34  3:50  Zergling x4  
  38  3:57  Lair  
  38  4:00  Drone x3, Overlord  
  38  4:01  Drone  
  40  4:36  Drone x10  
  40  4:37  Drone  
  51  4:43  Extractor x2  
  40  5:18  Spire  
  39  5:25  Zergling x4  
  39  5:26  Zergling x18  
  50  5:38  Drone x2  
  50  5:40  Hatchery  
  51  5:45  Drone  
  51  5:46  Drone x3  
  55  6:00  Drone x3, Baneling Nest  
  57  6:16  Drone x2  
  57  6:18  Overlord x3  
  59  6:37  Drone, Zerg Flyer Weapons Level 1  
  59  6:38  Drone x6  
  66  7:01  Drone  
  66  7:07  Mutalisk x7  
  66  7:08  Mutalisk x2  
  85  7:09  Evolution Chamber  
  85  7:10  Evolution Chamber  
  83  7:18  Drone  
  83  7:19  Drone x2  
  83  7:21  Extractor  
  83  7:22  Extractor  
  84  7:37  Drone x2  
  84  7:41  Drone x3  
  84  7:43  Overlord x3  
  84  7:44  Overlord  
  89  7:56  Queen  
  82  8:18  Drone x3  
  83  8:21  Mutalisk x3  
  83  8:22  Mutalisk x6  
  100  8:43  Drone x2  
  100  8:45  Mutalisk x3  
  100  8:46  Mutalisk  
  108  9:01  Zerg Flyer Weapons Level 2  
  94  9:28  Zergling x2  
  94  9:29  Zergling x24  
  94  9:30  Zergling x8  
  98  9:51  Centrifical Hooks  
  98  9:53  Zergling x6  
  98  9:54  Zergling x14  
  98  9:57  Baneling  
  98  9:58  Hatchery, Baneling x14  
  98  9:59  Baneling x6  
  107  10:03  Drone  
  87  10:30  Zergling x24  
  87  10:31  Zergling x4  
  101  10:43  Baneling x7  
  101  10:44  Baneling x11  
  101  10:51  Drone x4  
Show
View Real Time Build Order
Export as new Build Order

GraVe Zerg 

Build Orders: Hatch First 

Get SALT Encoding   

  12  0:01  Drone  
  13  0:13  Overlord  
  13  0:18  Drone  
  14  0:31  Drone x2  
  16  0:36  Drone  
  17  0:57  Hatchery  
  16  0:58  Drone  
  17  1:04  Extractor  
  17  1:06  Drone  
  17  1:16  Spawning Pool  
  16  1:20  Drone  
  17  1:30  Drone  
  17  1:32  Drone  
  19  1:42  Overlord  
  19  1:55  Drone  
  20  2:06  Metabolic Boost  
  20  2:08  Queen x2  
  24  2:19  Zergling x6  
  27  2:24  Drone  
  27  2:25  Drone  
  29  2:35  Overlord  
  29  2:38  Drone  
  29  2:43  Drone  
  31  2:52  Drone x2  
  31  2:54  Lair  
  33  3:04  Drone x2  
  35  3:10  Drone  
  36  3:19  Zergling x2  
  38  3:20  Drone  
  38  3:23  Drone  
  38  3:24  Extractor  
  37  3:27  Drone x5  
  37  3:31  Overlord  
  37  3:33  Overlord  
  42  3:42  Overlord  
  42  3:55  Roach Warren  
  41  3:56  Drone x7  
  47  4:05  Zergling x4, Baneling Nest  
  49  4:32  Evolution Chamber  
  48  4:39  Roach x5  
  48  4:44  Overlord, Glial Reconstitution  
  48  4:45  Hatchery, Overlord x3  
  56  5:06  Roach x8  
  70  5:12  Zerg Missile Weapons Level 1  
  69  5:24  Roach x2  
  73  5:37  Overlord x2  
  73  5:38  Overlord  
  73  5:52  Overlord x2  
  73  5:53  Overlord  
  73  6:12  Ravager x4  
  73  6:14  Roach  
  80  6:18  Drone x2  
  80  6:19  Drone, Extractor  
  80  6:21  Hatchery  
  80  6:37  Hydralisk Den, Overlord x4  
  80  6:39  Drone  
  80  6:44  Hatchery  
  79  6:51  Roach x3  
  79  6:52  Roach x2  
  89  6:54  Queen  
  91  7:01  Extractor  
  91  7:02  Drone x9  
  100  7:08  Drone x4  
  100  7:10  Zerg Missile Weapons Level 2  
  100  7:13  Extractor  
  100  7:14  Extractor  
  101  7:27  Drone  
  101  7:28  Drone x4  
  101  7:29  Drone x2  
  108  7:38  Queen  
  108  7:42  Muscular Augments  
  110  7:47  Roach x2  
  114  7:58  Hydralisk  
  114  7:59  Hydralisk, Roach  
  120  8:07  Hydralisk x3  
  120  8:11  Queen  
  128  8:21  Roach x5  
  134  8:27  Hydralisk x2  
  134  8:30  Spore Crawler  
  134  8:31  Spore Crawler  
  136  8:41  Hydralisk x2  
  136  8:42  Hydralisk x2  
  140  8:57  Hydralisk x4, Roach  
  144  9:11  Hydralisk x5  
  154  9:18  Infestation Pit  
  153  9:25  Hydralisk  
  153  9:26  Hydralisk x3  
  153  9:29  Ravager x3  
  164  9:39  Zerg Ground Armor Level 1  
  164  9:41  Evolution Chamber  
  164  9:45  Drone x3  
  164  9:46  Drone x5  
  136  10:04  Roach  
  136  10:05  Roach x7  
  129  10:21  Overlord  
  129  10:22  Roach x7  
  143  10:32  Drone x9  
  150  11:10  Spire  
Show
View Real Time Build Order
Export as new Build Order

Proktor Protoss 

Build Orders: Blink Stalkers 

Get SALT Encoding   

  12  0:01  Probe (Chrono Boost)  
  13  0:11  Probe (Chrono Boost)  
  14  0:17  Pylon  
  14  0:22  Probe (Chrono Boost)  
  16  0:35  Probe (Chrono Boost)  
  16  0:37  Gateway  
  16  0:44  Assimilator  
  16  0:46  Probe (Chrono Boost)  
  17  0:57  Pylon, Probe (Chrono Boost)  
  18  1:07  Probe (Chrono Boost)  
  18  1:10  Gateway  
  19  1:18  Probe (Chrono Boost)  
  20  1:24  Cybernetics Core  
  20  1:28  Probe (Chrono Boost)  
  21  1:33  Assimilator  
  21  1:39  Probe (Chrono Boost)  
  22  1:49  Probe (Chrono Boost)  
  22  1:53  Pylon  
  23  2:00  Stalker  
  25  2:02  Stalker  
  25  2:04  Warp Gate (Chrono Boost)  
  27  2:19  Mothership Core (Chrono Boost)  
  29  2:37  Nexus  
  29  2:45  Probe (Chrono Boost)  
  30  2:57  Twilight Council, Probe  
  31  3:09  Probe  
  31  3:12  Pylon  
  32  3:22  Probe  
  32  3:26  Gateway  
  33  3:34  Blink (Chrono Boost), Probe  
  34  3:46  Probe  
  35  3:50  Probe  
  35  3:54  Assimilator  
  36  3:58  Probe  
  36  4:00  Stalker  
  36  4:01  Probe  
  40  4:09  Adept  
  42  4:10  Probe  
  43  4:30  Adept x2  
  43  4:31  Adept  
  49  4:35  Probe  
  49  4:37  Probe  
  51  4:43  Templar Archives  
  51  4:46  Probe  
  51  4:47  Dark Shrine  
  51  4:49  Assimilator, Probe  
  53  4:56  Probe  
  54  5:00  Pylon  
  54  5:01  Probe  
  54  5:03  Pylon  
  55  5:07  Probe  
  55  5:13  Probe  
  57  5:17  Gateway  
  57  5:18  Probe  
  57  5:20  Gateway  
  58  5:26  Robotics Facility  
  58  5:32  Probe x2 (Chrono Boost)  
  58  5:33  Psionic Storm  
  60  5:42  High Templar  
  60  5:45  Adept x2  
  66  6:02  Gateway  
  66  6:03  Gateway  
  66  6:09  Dark Templar x2  
  70  6:15  Pylon, Dark Templar  
  72  6:24  Probe x2 (Chrono Boost)  
  74  6:28  Nexus  
  74  6:34  Observer  
  74  6:37  Probe x2 (Chrono Boost)  
  75  6:56  Observer  
  75  7:00  Probe x2 (Chrono Boost)  
  74  7:04  High Templar x2  
  78  7:11  Pylon  
  78  7:13  Pylon  
  78  7:15  Pylon, Probe x2 (Chrono Boost)  
  80  7:16  Pylon  
  80  7:18  High Templar, Assimilator  
  80  7:20  Assimilator, Adept x2  
  86  7:29  Probe (Chrono Boost)  
  87  7:32  Pylon  
  87  7:35  Gateway  
  87  7:36  Gateway  
  87  7:39  Forge  
  87  7:41  Forge  
  88  7:44  Probe x3 (Chrono Boost)  
  90  7:55  Probe (Chrono Boost)  
  91  8:02  High Templar x2  
  91  8:03  High Templar  
  91  8:05  Probe x3 (Chrono Boost)  
  100  8:09  Observer  
  101  8:15  Probe x2 (Chrono Boost)  
  101  8:16  Probe (Chrono Boost)  
  104  8:23  Photon Cannon  
  104  8:26  Probe x2 (Chrono Boost)  
  106  8:28  Photon Cannon  
  106  8:33  Photon Cannon x2  
  106  8:41  Protoss Ground Armor Level 1 (Chrono Boost), Protoss Ground Weapons Level 1 (Chrono Boost)  
  105  8:45  Forge  
  105  8:46  Charge  
  105  8:50  Robotics Bay  
  105  9:00  Pylon  
  105  9:03  Pylon  
  105  9:06  High Templar x2  
  105  9:07  Adept  
  105  9:08  Adept  
  105  9:09  Adept  
  115  9:14  Archon  
  115  9:26  Stalker x3  
  119  9:41  Stalker x4  
  119  9:42  Pylon  
  119  9:43  Zealot x2  
  131  9:49  Protoss Shields Level 1 (Chrono Boost)  
  131  9:53  Colossus  
  131  9:54  Pylon  
  131  9:59  Pylon x2  
  137  10:00  Pylon, Zealot  
  137  10:01  Zealot  
  141  10:09  Nexus  
  141  10:11  Pylon  
  141  10:12  Pylon  
  141  10:14  Pylon  
  141  10:15  Pylon  
  113  11:18  High Templar x2  
  113  11:19  High Templar x5  
  113  11:20  High Templar x2  
Show
View Real Time Build Order
Export as new Build Order

JohnMcClane Terran 

Build Orders:  

Get SALT Encoding   

  12  0:01  SCV  
  13  0:13  SCV  
  14  0:22  Supply Depot  
  14  0:25  SCV  
  15  0:45  Barracks  
  15  0:48  SCV  
  16  0:58  Barracks  
  16  1:00  SCV  
  17  1:12  SCV  
  18  1:24  SCV  
  19  1:32  Command Center  
  19  1:39  Marine  
  20  1:48  Supply Depot  
  20  1:51  Orbital Command  
  20  1:58  Marine  
  20  2:01  Marine  
  21  2:05  Refinery  
  22  2:13  Refinery  
  22  2:16  Marine  
  23  2:23  SCV  
  24  2:36  SCV  
  25  2:45  Marine  
  25  2:46  Marine  
  25  2:48  Orbital Command  
  27  3:03  Marine x2  
  27  3:04  Bunker  
  29  3:16  SCV  
  30  3:21  Marine x2  
  30  3:22  Factory  
  32  3:33  Supply Depot  
  32  3:38  SCV  
  33  3:44  Command Center  
  33  3:47  Barracks Tech Lab  
  33  3:51  Barracks Reactor  
  33  4:05  Factory Tech Lab  
  33  4:09  Starport  
  33  4:16  Bunker  
  33  4:21  Marine  
  34  4:25  Siege Tank  
  34  4:31  SCV x2  
  39  4:39  Supply Depot, Marine  
  39  4:41  Stimpack  
  39  4:43  SCV  
  41  4:53  Refinery  
  41  4:59  Supply Depot  
  39  5:07  Siege Tank  
  39  5:14  Starport Reactor  
  42  5:26  SCV x2  
  44  5:31  SCV  
  45  5:37  Refinery  
  45  5:38  SCV x2  
  47  5:43  SCV  
  47  5:44  Siege Tank  
  51  5:50  SCV  
  51  5:55  Barracks  
  52  5:57  Barracks  
  52  5:58  Barracks  
  52  6:04  SCV x2  
  52  6:06  Supply Depot  
  54  6:12  Engineering Bay  
  54  6:18  Medivac x2, Engineering Bay  
  58  6:23  SCV  
  58  6:24  SCV  
  60  6:43  SCV x2  
  60  6:44  Terran Infantry Armor Level 1, Terran Infantry Weapons Level 1  
  62  6:47  Missile Turret  
  62  6:49  Missile Turret  
  62  6:50  Missile Turret  
  62  6:53  Barracks Tech Lab, Barracks Reactor  
  62  6:54  Barracks Reactor  
  62  7:00  Viking x2  
  62  7:01  Marauder, Marine x2  
  70  7:10  Orbital Command  
  70  7:11  Missile Turret x2  
  70  7:14  SCV x2  
  72  7:25  Missile Turret  
  72  7:26  SCV  
  72  7:29  Missile Turret, Siege Tank  
  76  7:32  Concussive Shells  
  76  7:35  SCV x2  
  78  7:41  Armory  
  79  7:44  SCV  
  79  7:47  SCV  
  79  7:48  Supply Depot  
  80  7:52  Supply Depot  
  80  7:59  Marine x3  
  80  8:00  Marauder x2  
  87  8:12  SCV x2  
  89  8:17  Missile Turret  
  89  8:25  SCV x2  
  91  8:27  Refinery  
  91  8:30  Refinery  
  91  8:32  Missile Turret  
  91  8:35  Terran Vehicle Weapons Level 1  
  91  8:40  Terran Infantry Weapons Level 2  
  91  8:41  Terran Infantry Armor Level 2  
  91  8:49  Command Center  
  91  8:53  Supply Depot  
  91  8:55  Supply Depot  
  91  9:01  Medivac x2, Marine  
  91  9:02  Marauder, Marine x6  
  85  9:57  Marauder, Marine x7  
  94  10:04  Orbital Command  
  94  10:15  Marine  
  94  10:20  Siege Tank  
  98  10:21  Medivac x2  
  98  10:22  Marauder, Marine x6  
  110  10:32  Marine  
  111  10:40  Marine x6  
  112  10:43  Orbital Command  
  112  10:52  Siege Tank  
Show
View Real Time Build Order
Export as new Build Order

JackONeill Zerg 

Build Orders: Hatch First 

Get SALT Encoding   

  12  0:01  Drone  
  13  0:09  Drone  
  14  0:17  Overlord  
  14  0:25  Drone, Extractor  
  15  0:35  Drone  
  15  0:36  Drone  
  17  0:56  Hatchery  
  16  0:57  Drone  
  16  1:02  Drone  
  18  1:06  Extractor  
  17  1:16  Spawning Pool  
  16  1:20  Drone  
  16  1:23  Drone  
  18  1:28  Drone  
  19  1:38  Drone  
  20  1:50  Overlord  
  20  2:02  Drone  
  20  2:07  Queen  
  20  2:08  Metabolic Boost  
  23  2:14  Drone x2  
  23  2:15  Queen  
  27  2:26  Drone x2  
  29  2:31  Overlord  
  29  2:33  Zergling x2  
  30  2:41  Drone  
  31  2:48  Zergling x2  
  32  2:52  Drone  
  32  2:57  Overlord  
  33  3:08  Zergling x4  
  35  3:19  Zergling x8  
  40  3:20  Zergling x2  
  40  3:24  Overlord  
  40  3:25  Zergling x4  
  42  3:38  Zergling x4  
  44  3:43  Overlord  
  44  3:48  Zergling x2  
  45  3:54  Zergling x2  
  45  3:55  Zergling x6  
  49  4:03  Zergling x8  
  53  4:14  Zergling x6  
  54  4:31  Drone x2  
  52  4:37  Zergling x4  
  54  4:44  Lair  
  54  4:46  Overlord  
  54  4:49  Hatchery  
  52  5:20  Extractor  
  51  5:23  Drone x3  
  51  5:24  Drone x4  
  51  5:26  Spine Crawler  
  51  5:28  Spore Crawler  
  56  5:29  Extractor  
  56  5:31  Spore Crawler  
  56  5:32  Drone x3  
  57  5:42  Evolution Chamber, Overlord  
  56  5:43  Overlord  
  56  5:47  Overlord x2  
  56  5:48  Spire  
  55  5:51  Drone x3  
  55  5:54  Drone x3  
  55  5:55  Extractor  
  60  6:01  Overseer  
  60  6:09  Zerg Ground Armor Level 1  
  60  6:10  Evolution Chamber  
  59  6:11  Queen  
  59  6:12  Drone  
  59  6:13  Drone x5  
  67  6:24  Drone x3  
  67  6:25  Drone x3  
  73  6:41  Spore Crawler  
  73  6:43  Extractor  
  73  6:44  Overseer  
  73  6:45  Extractor  
  70  6:52  Overseer  
  67  6:59  Drone  
  67  7:00  Drone x3  
  67  7:01  Drone x2  
  71  7:04  Mutalisk x2  
  71  7:05  Mutalisk x2  
  79  7:10  Spore Crawler  
  78  7:25  Drone x2  
  78  7:26  Drone x6  
  85  7:56  Mutalisk x4  
  85  7:57  Mutalisk x3  
  99  8:04  Spore Crawler  
  98  8:05  Zerg Flyer Weapons Level 1  
  98  8:06  Overlord x4  
  98  8:13  Infestation Pit  
  93  8:21  Mutalisk x2  
  85  8:31  Mutalisk x2  
  85  8:34  Overlord x4  
  89  8:40  Drone, Spine Crawler  
  89  8:41  Drone  
  90  8:46  Drone x3  
  90  9:00  Mutalisk x3  
  90  9:01  Mutalisk  
  98  9:15  Zergling x4  
  108  9:23  Mutalisk x3  
  83  9:24  Mutalisk  
  83  9:26  Zergling x4  
  65  9:38  Zergling x6  
  60  10:01  Mutalisk x4  
  60  10:02  Hatchery  
  67  10:10  Hive  
  67  10:26  Baneling Nest  
  66  10:31  Zergling x8  
  66  10:32  Zergling x8  
  71  10:53  Overlord  
  71  10:54  Overlord x2  
Show
View Real Time Build Order
Export as new Build Order

Hindulaatti Terran 

Build Orders: Bio Tank 

Get SALT Encoding   

  12  0:01  SCV  
  13  0:13  SCV  
  14  0:22  Supply Depot  
  14  0:26  SCV  
  15  0:43  SCV  
  15  0:46  Barracks  
  16  0:55  SCV  
  17  1:01  Refinery  
  17  1:08  SCV  
  18  1:20  SCV  
  19  1:32  SCV  
  21  1:43  Barracks Tech Lab  
  21  1:44  SCV  
  21  1:48  Refinery  
  21  1:50  Command Center  
  21  1:57  Orbital Command, Supply Depot  
  21  2:02  Marine  
  22  2:14  Stimpack  
  22  2:20  Marine  
  23  2:25  SCV  
  24  2:34  Factory  
  24  2:37  SCV  
  24  2:38  Marine  
  26  2:49  SCV  
  27  2:56  Marine  
  27  2:57  Barracks  
  28  3:01  SCV  
  28  3:03  Orbital Command  
  29  3:13  SCV  
  29  3:18  Marine  
  31  3:23  Factory Tech Lab  
  31  3:25  Barracks  
  31  3:31  SCV  
  31  3:33  SCV  
  33  3:37  Supply Depot  
  33  3:41  Marine  
  33  3:42  Siege Tank  
  33  3:43  SCV  
  33  3:46  Barracks Reactor  
  38  4:03  SCV  
  38  4:06  Marine  
  40  4:12  Barracks Reactor  
  40  4:13  Barracks  
  40  4:14  Starport, SCV  
  40  4:15  SCV  
  42  4:23  Marine  
  43  4:25  Marine  
  43  4:26  Marine  
  43  4:27  SCV x2  
  47  4:32  Siege Tank  
  50  4:39  SCV x2  
  50  4:41  Engineering Bay, Marine  
  53  4:46  Barracks  
  53  4:51  SCV  
  54  4:54  SCV  
  46  5:03  SCV  
  47  5:08  Terran Infantry Weapons Level 1  
  47  5:10  Missile Turret  
  46  5:15  Marauder, Marine x4  
  46  5:16  Barracks Reactor  
  46  5:18  Medivac  
  54  5:35  Supply Depot  
  54  5:36  Supply Depot  
  54  5:38  Supply Depot, SCV x2, Siege Tank  
  54  5:39  Supply Depot, Marine x3  
  62  5:43  Combat Shields  
  62  5:56  Marine x2  
  66  5:57  Marauder, Marine  
  66  6:02  Supply Depot  
  67  6:05  Starport Reactor  
  67  6:06  Command Center  
  67  6:09  SCV  
  67  6:10  SCV  
  69  6:12  Refinery  
  69  6:13  Refinery  
  69  6:14  Marine  
  69  6:15  Marine  
  71  6:19  Marine  
  71  6:23  Marine  
  71  6:24  Marine x3  
  76  6:25  SCV  
  77  6:32  Supply Depot  
  77  6:37  Siege Tank  
  80  7:03  Missile Turret  
  80  7:09  SCV x2  
  82  7:19  Missile Turret  
  82  7:20  Medivac, Marine x3  
  82  7:21  Starport, Marauder, Marine x4, SCV x2  
  97  7:26  Orbital Command  
  97  7:27  Medivac  
  97  7:28  Siege Tank  
  100  7:33  SCV  
  101  7:38  Marine x3  
  101  7:39  Marine  
  101  7:42  Missile Turret  
  105  7:53  Marine  
  105  7:54  Marauder, Marine x2  
  105  7:55  SCV x2  
  105  7:56  Marine x4, SCV  
  105  7:57  Medivac  
  119  7:58  Medivac  
  119  8:01  Siege Tank  
  119  8:27  Medivac  
  119  8:28  Medivac  
  119  8:29  SCV x2  
  119  8:33  Supply Depot  
  125  8:35  Refinery  
  125  8:36  Supply Depot  
  125  8:37  Starport Tech Lab, Refinery  
  125  8:49  Supply Depot  
  125  8:50  Supply Depot  
  125  8:54  Marine x3, SCV x3  
  125  8:55  Marauder, Concussive Shells  
  133  8:58  Raven  
  133  8:59  Supply Depot  
  135  9:06  SCV x2  
  137  9:20  Marauder, Marine x4  
  137  9:21  Marine x3  
  137  9:22  Siege Tank  
  149  9:26  Medivac x2  
  153  9:32  SCV x3  
  153  9:34  Supply Depot  
  153  9:38  Marine x5  
  157  9:40  Medivac, Supply Depot  
  157  9:41  Supply Depot  
  157  9:44  SCV x3  
  161  9:54  Siege Tank  
  161  9:55  Marine  
  161  9:56  Marauder, Marine x5, SCV  
  161  9:57  SCV x2  
  175  10:08  Barracks Reactor, SCV  
  175  10:13  Marine  
  175  10:14  Marine  
  168  10:16  Liberator  
  132  10:26  Marine x3  
  132  10:27  Marauder, Marine  
  132  10:28  Medivac x2  
  125  10:31  Marine x2  
  130  10:36  Siege Tank  
  133  10:43  Missile Turret  
  133  10:49  Marauder, Marine x2  
  137  10:55  SCV  
  137  10:56  SCV  
  145  11:06  Armory  
  145  11:10  Engineering Bay  
Tags
 
Add a new tag
Caveats
  • Supply blocks, unpowered buildings, or Contaminate may cause inaccurate times.
  • Supply counts are checked every 10 seconds.